 Dungeon Crawl Stone Soup version 0.30.0-10-gfe55d96785 (webtiles) character file.

Game seed: 9794930103971789523

735 Edyrem the Fighter (level 7, -11/68 HPs)
             Began as a Minotaur Gladiator on May 16, 2023.
             Mangled by a two-headed ogre
             ... wielding a +0 giant club
              (28 damage)
             ... on level 6 of the Dungeon.
             The game lasted 00:07:24 (4051 turns).

Edyrem the Fighter (Minotaur Gladiator)             Turns: 4051, Time: 00:07:25

Health: -11/68     AC: 10    Str: 23    XL:     7   Next: 45%
Magic:  6/6        EV: 13    Int:  5    God:
Gold:   277        SH:  0    Dex: 17    Spells: 6/6 levels left

rFire   . . .        a - +0 war axe
rCold   . . .        (no shield)
rNeg    . . .        F - +0 steam dragon scales
rPois   .            c - +0 hat
rElec   .            j - +0 cloak
rCorr   .            w - +0 pair of gloves
SInv    .            D - +2 pair of boots of the Stonemason {Str+3 Dex+5}
Will    .....        (no amulet)
Stlth   ++           (no ring)
HPRegen 0.31/turn    (no ring)
MPRegen 0.10/turn

%: no passive effects
@: no status effects
A: horns 2, retaliatory headbutt
a: no special abilities


You were on level 6 of the Dungeon.
You visited 1 branch of the dungeon, and saw 6 of its levels.

You collected 277 gold pieces.

Inventory:

Hand Weapons
 a - a +0 war axe (weapon)
 b - a +0 heavy mace
Missiles
 d - 4 throwing nets
 e - a javelin
 g - 13 poisoned darts (quivered)
 x - 2 boomerangs
Armour
 c - a +0 hat (worn)
 j - a +0 cloak (worn)
 o - an orb of wrath
 w - a +0 pair of gloves (worn)
 C - a +0 scale mail
 D - the +2 pair of boots of the Stonemason (worn) {Str+3 Dex+5}
   (You found it on level 5 of the Dungeon)

   Str:       It affects your strength (+3).
   Dex:       It affects your dexterity (+5).
 F - +0 steam dragon scales (worn)
Jewellery
 i - a ring of ice
Wands
 u - a wand of roots (9)
 E - a wand of paralysis (5)
Scrolls
 f - 5 scrolls of teleportation {unknown}
 h - 4 scrolls of identify {unknown}
 k - a scroll of amnesia {unknown}
 p - a scroll of immolation {unknown}
 s - 3 scrolls of fog {unknown}
 y - a scroll of vulnerability {unknown}
 A - a scroll of magic mapping {unknown}
 B - a scroll of enchant armour {unknown}
 G - a scroll of noise {unknown}
Potions
 l - a potion of lignification {unknown}
 m - 3 potions of haste {unknown}
 n - a potion of heal wounds {unknown}
 q - 2 potions of brilliance {unknown}
 r - 5 potions of curing {unknown}
 t - a potion of invisibility {unknown}
 v - a potion of might {unknown}
 z - a potion of resistance {unknown}


   Skills:
 - Level 8.0 Fighting
 + Level 7.3 Axes
 - Level 2.0 Throwing
 - Level 3.2 Dodging


You had 6 spell levels left.
You didn't know any spells.
Your spell library contained the following spells:

 Spells                   Type           Power      Damage    Failure   Level
 Apportation              Tloc           0%         N/A       47%         1
 Cigotuvi's Dreadful Rot  Necr/Pois/Air  0%         N/A       63%         2
 Ignite Poison            Fire/Tmut/Pois 0%         N/A       85%         3
 Tukima's Dance           Hex            0%         N/A       85%         3
 Passage of Golubria      Tloc           0%         N/A       99%         4
 Alistair's Intoxication  Tmut/Pois      0%         N/A       100%        5
 Freezing Cloud           Conj/Ice/Air   0%         6-21      100%        5
 Yara's Violent Unravell  Hex/Tmut       0%         3d3       100%        5


Dungeon Overview and Level Annotations

Branches:
Dungeon (6/15)
 Temple: D:4-7

Altars:
Fedhas

Shops:
D:5 [


Innate Abilities, Weirdness & Mutations

You have a pair of horns on your head.
You reflexively headbutt those who attack you in melee.


Message History

+0 steam dragon scales; a steam dragon corpse
x - 2 boomerangs (gained 1)
Items here: )))) [[ †.
Things that are here:
+0 steam dragon scales; a steam dragon corpse F - +0 steam dragon scales
Items here: )))) [[ †.
Found a stone staircase leading down.
You now have 277 gold pieces (gained 17).
You see here a +0 ring mail.
Okay, then.
You start removing your armour.
You continue taking off your +0 scale mail. x4
You finish taking off your +0 scale mail.
You start putting on your armour.
You continue putting on your +0 steam dragon scales. x5
You finish putting on your +0 steam dragon scales.
G - a scroll labelled WAYWIR MYNIOTES
Found a leather armour.
s - 3 scrolls labelled JYN MOCEICVOCA (gained 1)
You see here a +0 leather armour.
A two-headed ogre comes into view. It is wielding two +0 giant clubs.
The two-headed ogre shouts in stereo!
You hit the two-headed ogre.
The two-headed ogre is lightly wounded.
The two-headed ogre hits you with a +0 giant club!
The two-headed ogre misses you.
You hit the two-headed ogre but do no damage.
You headbutt the two-headed ogre!
The two-headed ogre is moderately wounded.
The two-headed ogre hits you with a +0 giant club!! x2
* * * LOW HITPOINT WARNING * * *
You slash the two-headed ogre!
Your headbutt misses the two-headed ogre.
The two-headed ogre is heavily wounded.
You hit the two-headed ogre but do no damage.
You headbutt the two-headed ogre!
The two-headed ogre is severely wounded.
The two-headed ogre hits you with a +0 giant club!!
You die...

### #.. ### #.#
#######.## #.#
.........## #O#
#####.....###@#
........[.....#
#####.....#####
##...#####
#.......#
##.####.# ###
#.# #. #.# #.
#.# ### #.


You could see a two-headed ogre.

Vanquished Creatures
  A steam dragon (D:6)
  A phantom (D:6)
  A kobold brigand (D:6)
  2 scorpions (D:5)
  2 orc priests (D:4)
  Jessica (D:2)
  An iguana (D:6)
  2 orc wizards
  5 adders
  3 gnolls (D:2)
  2 shadow imps
  10 dart slugs
  17 orcs
  5 ball pythons
  4 endoplasms (D:2)
  3 giant cockroaches
  6 goblins
  5 hobgoblins
  11 jackals
  7 kobolds
  3 quokkas
  2 bats (D:1)
  3 frilled lizards
97 creatures vanquished.

Notes
Turn   | Place    | Note
-------+----------+-------------------------------------------
     0 | D:1      | Edyrem the Minotaur Gladiator began the quest for the Orb.
     0 | D:1      | Reached XP level 1. HP: 18/18 MP: 0/0
    76 | D:1      | Reached skill level 3 in Fighting
   154 | D:1      | Reached XP level 2. HP: 24/26 MP: 1/1
   303 | D:1      | Found a faded altar of an unknown god.
   917 | D:2      | Reached skill level 4 in Fighting
   917 | D:2      | Reached XP level 3. HP: 16/34 MP: 2/2
  1242 | D:2      | Reached skill level 5 in Fighting
  1286 | D:2      | Noticed Jessica
  1291 | D:2      | Killed Jessica
  1292 | D:2      | Reached XP level 4. HP: 42/42 MP: 3/3
  1872 | D:3      | Reached skill level 6 in Fighting
  2043 | D:3      | Reached XP level 5. HP: 51/51 MP: 4/4
  2630 | D:4      | Reached skill level 7 in Fighting
  2632 | D:4      | Reached XP level 6. HP: 19/61 MP: 5/5
  3129 | D:5      | Entered Level 5 of the Dungeon
  3209 | D:5      | Reached skill level 8 in Fighting
  3348 | D:5      | Found Jecun's Antique Armour Shoppe.
  3639 | D:5      | Identified the +2 pair of boots of the Stonemason {Str+3
                  | Dex+5}
  3806 | D:6      | Found a blossoming altar of Fedhas.
  3824 | D:6      | Reached skill level 5 in Axes
  3887 | D:6      | Noticed a steam dragon
  3889 | D:6      | Reached XP level 7. HP: 65/68 MP: 6/6
  3895 | D:6      | Killed a steam dragon
  4045 | D:6      | Noticed a two-headed ogre
  4051 | D:6      | Mangled by a two-headed ogre

Illustrated notes

Levels and vault maps discovered:
D:1:      dpeg_arrival_solitude, layout_basic, ebering_ecumenical_altar_rust
D:2:      layout_basic, uniq_jessica
D:3:      kennysheep_slugbush, layout_rooms
D:4:      cheibrodos_old_hovel, layout_loops_cross
D:5:      layout_loops_cross, serial_shops, shop_fountains
D:6:      layout_loops_ring, fedhas_altar_3, serial_shops, shop

Skill      XL: |  1  2  3  4  5  6  7 |
---------------+----------------------+-----
Fighting       | 3 4 5 6 7 8 |  8.0
Axes           | 5 7 |  7.3
Throwing       | |  2.0
Dodging        | |  3.2

Action                     |  1- 3 |  4- 6 |  7- 9 || total
---------------------------+-------+-------+-------++-------
  Melee: War axe           |    49 |   114 |    17 ||   180
         Headbutt          |     7 |    13 |     5 ||    25
         Punch             |       |     1 |       ||     1
  Throw: Dart              |       |     5 |       ||     5
 Armour: Leather armour    |    10 |       |       ||    10
         Ring mail         |     9 |    54 |       ||    63
         Scale mail        |       |    12 |     7 ||    19
  Dodge: Dodged            |    31 |    78 |    11 ||   120
